 Dungeon Crawl Stone Soup version 0.30-a0-862-g1aabd4f9c5 (webtiles) character file.

Game seed: 597375475187297465

57 IdlyInterested the Trooper (level 3, 0/29 HPs)
             Began as a Demonspawn Fighter on Mar 8, 2023.
             Killed by divine providence
             ... invoked by an orc priest
              (10 damage)
             ... on level 3 of the Dungeon.
             The game lasted 00:04:57 (2429 turns).

IdlyInterested the Trooper (Demonspawn Fighter)     Turns: 2429, Time: 00:04:58

Health: 0/29       AC:  7    Str: 16    XL:     3   Next: 73%
Magic:  0/3        EV:  9    Int:  9    God:
Gold:   177        SH:  4    Dex: 14    Spells: 2/2 levels left

rFire   . . .      SeeInvis .    a - +1 long sword
rCold   . . .      Faith    .    c - +0 buckler
rNeg    + . .      Spirit   +    b - +1 scale mail
rPois   .          Reflect  .    (no helmet)
rElec   .          Rampage  .    (no cloak)
rCorr   .                        (no gloves)
Will    .....                    (no boots) Stlth
                                 h - amulet of guardian spirit
HPRegen 0.24/turn                i - ring of positive energy
MPRegen 0.08/turn                (no ring)

@: no status effects
A: claws 1, powered by death 1
a: no special abilities


You were on level 3 of the Dungeon.
You visited 1 branch of the dungeon, and saw 3 of its levels.

You collected 177 gold pieces.

Inventory:

Hand Weapons
 a - a +1 long sword (weapon)
 g - a +0 dagger of venom
Missiles
 f - 30 stones (quivered)
Armour
 b - a +1 scale mail (worn)
 c - a +0 buckler (worn)
Jewellery
 h - an amulet of guardian spirit (around neck)
 i - a ring of positive energy (left claw)
Scrolls
 k - a scroll of enchant weapon
Potions
 d - a potion of might
 e - a potion of attraction
 j - a potion of heal wounds
 l - a potion of brilliance
 m - a potion of magic {unknown}


   Skills:
 - Level 3.0 Fighting
 + Level 2.6 Long Blades
 - Level 1.0 Throwing
 - Level 3.0 Armour
 * Level 0.5 Dodging
 - Level 1.0 Stealth
 - Level 2.6 Shields
 - Level 1.0 Evocations


You had 2 spell levels left.
You didn't know any spells.
Your spell library contained the following spells:

 Spells                   Type           Power      Damage    Failure   Level
 Slow                     Hex            0%         N/A       88%         1
 Confusing Touch          Hex            0%         N/A       99%         3
 Vampiric Draining        Necr           0%         2d6       99%         3
 Conjure Ball Lightning   Conj/Air       0%         3x3d6     100%        6
 Discord                  Hex            0%         N/A       100%        8
 Disjunction              Tloc           0%         N/A       100%        8


Dungeon Overview and Level Annotations

Branches:
Dungeon (3/15)

Altars:


Innate Abilities, Weirdness & Mutations

You have sharp fingernails.
You regenerate a little health from kills.


Message History

You barely miss the adder. The adder bites you.
You block the adder's attack. x2
The adder bites you but does no damage.
You closely miss the adder. The adder completely misses you.
The adder closely misses you.
An orc priest comes into view. It is wielding a +0 dagger.
The orc priest shouts!
You hit the adder but do no damage. The adder bites you.
The adder closely misses you. The adder bites you.
The adder closely misses you.
You hit the adder.
The adder is heavily wounded.
The adder bites you. The adder bites you but does no damage.
The orc wizard mumbles some strange words.
The orc wizard flickers and vanishes!
Deactivating autopickup; reactivate with Ctrl-A.
The adder bites you but does no damage. The adder bites you.
You are poisoned.
The adder poisons you! The adder attacks as you move away! The adder bites you.
You feel sick. The adder bites you but does no damage.
The adder attacks as you move away! You block the adder's attack.
You feel sick. The adder bites you but does no damage.
You feel sick. The adder attacks as you move away! The adder barely misses you.
You feel sick.
You closely miss the adder.
You feel sick. The adder bites you. The adder bites you but does no damage.
You barely miss the adder.
You feel sick.
You are no longer poisoned.
The adder barely misses you. The adder bites you but does no damage.
You hit the adder but do no damage. You block the adder's attack. x2
Okay, then.
You miss the adder. The adder barely misses you.
The adder bites you but does no damage.
You miss the adder. The adder closely misses you.
You closely miss the adder. You block the adder's attack.
The adder bites you but does no damage.
You completely miss the adder. The adder bites you but does no damage.
The orc priest mumbles some strange prayers to Beogh against you.
Beogh smites you!
You die...

,,* *,*
,,********** #.#
,,,,,,,,,,,* #.#
,*********,* #.#
,* *,*
#.##########******
,* *,*
#.##........,,,,,,
,*********,*
#.#.........,,,,**
,,,,,,,,,,,*
#.#.~≈≈~~.~~~~,,**
###########*
#@#.≈≈≈≈~.~≈~~,,*
#.........#
#S#{~≈≈≈≈.~≈~~,**
#.#######.#
#So.o≈{~~.~≈~~,*
#.##§§§§#.#
#oo.......~~~~,*
#.##§####.#
#.#.~~~o....,,,*
#.#§§§....#
#.#.~≈≈≈.~~~~~,*
#.#########
#.#.~≈≈≈.≈≈~~~,*
#.####
#.#.~≈≈~.~≈≈~~,*
.....#
#.#.~~~~.~~~~~,*


You could see an orc priest, 2 adders and 2 orcs.

Vanquished Creatures
  A worm (D:2)
  A dart slug (D:1)
  4 ball pythons
  9 endoplasms
  A giant cockroach (D:1)
  5 goblins
  3 hobgoblins (D:1)
  8 jackals
  A quokka (D:2)
  6 bats
  A frilled lizard (D:1)
  3 kobolds
  A rat (D:2)
44 creatures vanquished.

Notes
Turn   | Place    | Note
-------+----------+-------------------------------------------
     0 | D:1      | IdlyInterested the Demonspawn Fighter began the quest for
                  | the Orb.
     0 | D:1      | Reached XP level 1. HP: 18/18 MP: 1/1
   155 | D:1      | Gained mutation: You have sharp fingernails. [demonic
                  | ancestry]
   155 | D:1      | Reached XP level 2. HP: 24/24 MP: 2/2
   409 | D:1      | Reached skill level 1 in Throwing
   515 | D:1      | Found a faded altar of an unknown god.
   629 | D:1      | Reached skill level 1 in Stealth
   629 | D:1      | Gained mutation: You regenerate a little health from kills.
                  | [demonic ancestry]
   629 | D:1      | Reached XP level 3. HP: 27/29 MP: 3/3
  1412 | D:2      | Reached skill level 1 in Evocations
  2414 | D:3      | Identified the +2 robe "Oschodda" {Will+}
  2429 | D:3      | Killed from afar by an orc priest

Illustrated notes

Levels and vault maps discovered:
D:1:      dpeg_arrival_prison, layout_loops_ring,
          chequers_ecumenical_altar_simple, roderic_lattice_a,
          minmay_hexomino_u4
D:2:      layout_basic
D:3:      layout_basic, mainiacjoe_overflow_alcove_4,
          nemelex_diamond_rough_becter, minivault_14

Skill      XL: |  1  2  3 |
---------------+----------+-----
Long Blades    | 2 |  2.6
Armour         | 3 |  3.0
Throwing       | 1 |  1.0
Stealth        | 1 |  1.0
Evocations     | 1 |  1.0
Fighting       | |  3.0
Dodging        | |  0.5
Shields        | |  2.6

Action                     || total
---------------------------++-------
  Melee: Long sword        ||   152
    Use: Scroll            ||     9
 Armour: Scale mail        ||   104
  Dodge: Dodged            ||    75
  Block: Buckler           ||    46

Table legend: (Time is in decaauts)
 A = Elapsed time spent in this place.
 B = Non-inter-level travel time spent in this place.
 C = Inter-level travel time spent in this place.
 D = Time resting spent in this place.
 E = Time spent auto-exploring this place.
 F = Levels seen in this place.
 G = Mean time per level.
                   A        B        C        D        E       F      G
               +--------+--------+--------+--------+--------+-----+--------+
         Total |   2478 |   2204 |    274 |     69 |   1611 |   3 |  826.0 |
       Dungeon |   2478 |   2204 |    274 |     69 |   1611 |   3 |  826.0 |
               +--------+--------+--------+--------+--------+-----+--------+

Top non-repeatable levels by time:
     D:1: 1268 daAuts
     D:2: 1125 daAuts
     D:3: 84 daAuts
